Map: Kairos Junction LE

Players

UncleClimax

  • Race: Protoss Protoss
  • League: Diamond
  • Spawn Location: 5:00

PotentialCam - Winner!

  • Race: Zerg Zerg
  • League: Diamond
  • Spawn Location: 11:00

VOD

Have the link to the VOD?

Description

Time

  • Played on: June 21, 2019, 1:51 a.m.
  • Length: 19:21
Show
View Real Time Build Order
Export as new Build Order

UncleClimax Protoss 

Build Orders: 1 Gate Expand, Archon Immortal 

Get SALT Encoding   

  1  0:00  Probe  
  13  0:07  Probe  
  14  0:18  Pylon  
  14  0:19  Probe  
  15  0:36  Probe  
  15  0:38  Gateway  
  16  0:46  Assimilator  
  16  0:48  Probe  
  17  0:58  Probe  
  18  1:06  Probe  
  19  1:14  Probe  
  20  1:30  Cybernetics Core  
  21  1:39  Nexus  
  21  1:47  Pylon, Probe  
  21  1:51  Assimilator  
  21  1:59  Adept, Probe  
  22  2:10  Warp Gate  
  22  2:11  Probe  
  25  2:23  Probe  
  26  2:32  Stalker  
  26  2:35  Probe  
  29  2:38  Robotics Facility  
  29  2:47  Probe x2  
  31  2:55  Probe  
  31  2:59  Probe  
  31  3:05  Probe, Sentry  
  35  3:11  Probe  
  37  3:17  Probe  
  38  3:24  Probe  
  38  3:26  Twilight Council  
  39  3:28  Forge  
  39  3:29  Probe  
  39  3:30  Gateway  
  39  3:32  Gateway  
  42  3:34  Sentry  
  42  3:36  Observer  
  42  3:39  Probe  
  44  3:42  Pylon  
  44  3:46  Probe  
  45  3:48  Pylon  
  45  3:51  Probe  
  46  4:00  Probe  
  47  4:03  Protoss Ground Weapons Level 1, Probe  
  48  4:12  Probe  
  49  4:21  Assimilator, Probe  
  49  4:23  Assimilator  
  50  4:24  Pylon  
  50  4:26  Nexus  
  50  4:32  Pylon  
  50  4:35  Probe  
  50  4:36  Pylon  
  51  4:40  Probe  
  51  4:43  Probe  
  52  4:51  Stalker x3  
  52  4:52  Probe  
  59  4:54  Immortal  
  59  4:57  Probe  
  66  5:07  Probe  
  66  5:11  Probe  
  67  5:15  Gateway x2  
  67  5:17  Blink  
  67  5:23  Immortal  
  67  5:24  Probe x2  
  69  5:34  Pylon, Probe  
  73  5:36  Probe  
  73  5:38  Probe  
  76  5:43  Probe  
  76  5:48  Probe  
  78  5:51  Protoss Ground Weapons Level 2, Probe  
  78  5:53  Probe  
  80  5:57  Photon Cannon  
  80  6:00  Probe  
  80  6:03  Probe  
  82  6:05  Probe  
  82  6:06  Gateway x2  
  82  6:10  Observer  
  84  6:12  Probe  
  85  6:22  Templar Archives  
  85  6:25  Pylon, Probe  
  86  6:28  Assimilator  
  86  6:30  Observer, Assimilator  
  87  6:36  Stalker x2  
  87  6:37  Forge, Stalker x3  
  97  7:00  Stalker x4  
  97  7:01  Stalker x3  
  104  7:09  Probe x3  
  104  7:12  Protoss Ground Armor Level 1  
  104  7:14  Immortal  
  107  7:21  Probe x3  
  109  7:33  Probe x2  
  109  7:34  Probe  
  109  7:35  High Templar  
  109  7:36  High Templar  
  116  7:39  Pylon  
  116  7:44  Pylon  
  116  7:45  Probe  
  116  7:46  Pylon  
  116  7:49  Pylon  
  117  7:57  Charge, Probe x2  
  119  8:00  Immortal  
  119  8:01  Protoss Ground Weapons Level 3  
  119  8:03  Stalker x2  
  119  8:04  Stalker  
  129  8:07  Archon  
  129  8:12  Probe x2  
  131  8:13  Probe  
  132  8:26  Probe  
  127  8:36  Probe  
  128  8:43  High Templar x2  
  128  8:44  High Templar  
  128  8:45  Zealot x3  
  128  8:46  Zealot  
  142  8:50  Archon  
  142  8:58  Pylon  
  142  9:00  Pylon  
  142  9:04  Nexus  
  142  9:05  Gateway  
  142  9:06  Pylon  
  142  9:08  Pylon  
  142  9:10  Gateway  
  142  9:11  Warp Prism, Gateway  
  142  9:12  Gateway  
  142  9:15  High Templar x2  
  142  9:16  Protoss Ground Armor Level 2, High Templar  
  150  9:19  Archon  
  150  9:24  Archon  
  150  9:31  Shield Battery  
  150  9:34  Assimilator  
  150  9:37  Assimilator  
  150  9:43  Immortal  
  130  10:08  Zealot x2  
  130  10:09  Zealot x5  
  130  10:10  Zealot  
  116  10:17  Immortal, Stalker x2  
  116  10:18  Stalker  
  120  10:31  High Templar x2  
  120  10:32  High Templar x3  
  120  10:34  Zealot x3  
  136  10:35  Archon  
  136  10:36  Archon  
  134  10:53  Protoss Shields Level 1  
  134  10:55  Warp Prism  
  101  11:14  High Templar x3  
  101  11:15  High Templar  
  101  11:16  Zealot x6  
  101  11:17  Probe x4, Zealot  
  101  11:18  Observer  
  113  11:22  Immortal  
  105  11:29  Probe x3  
  105  11:30  Probe  
  113  11:36  Photon Cannon  
  113  11:39  Photon Cannon  
  113  11:41  Probe x2  
  113  11:42  Pylon, Archon x2  
  113  11:45  High Templar x3  
  113  11:46  Zealot  
  113  11:47  Zealot x3  
  125  11:52  Probe x2  
  125  11:53  Probe  
  133  11:54  Probe  
  133  12:03  High Templar x3  
  133  12:07  Archon x2  
  139  12:08  High Templar  
  139  12:09  Zealot x4  
  139  12:12  Archon  
  149  12:18  High Templar, Stalker  
  153  12:28  Archon  
  153  12:32  Observer  
  152  12:41  Photon Cannon  
  152  12:43  Photon Cannon  
  152  12:47  Observer  
  152  12:49  Stalker  
  152  12:50  Stalker x5  
  152  12:51  Stalker x3  
  164  12:53  Observer  
  168  13:14  Observer, Stalker x3  
  168  13:15  Stalker x4  
  168  13:16  Stalker x3  
  189  13:26  Probe x4  
  188  13:28  Stalker  
  174  13:35  Observer  
  174  13:38  Probe x3  
  174  13:39  Probe  
  118  13:57  Zealot x6  
  118  13:59  Zealot x4  
  118  14:01  Probe  
  118  14:02  Probe x2  
  112  14:10  Probe  
  112  14:13  Probe  
  112  14:14  Probe x2  
  116  14:20  Protoss Ground Armor Level 3  
  116  14:22  Probe  
  117  14:26  Probe  
  117  14:29  Pylon  
  118  14:31  Pylon  
  118  14:32  Photon Cannon  
  118  14:33  Probe  
  118  14:36  Photon Cannon  
  119  14:42  Probe x2  
  119  14:43  Probe  
  122  14:48  Assimilator  
  122  14:51  Probe  
  123  14:58  Probe  
  118  15:05  Warp Prism  
  116  15:07  High Templar x3  
  116  15:08  High Templar x4  
  116  15:09  High Templar  
  116  15:12  Observer, Archon x2  
  116  15:13  Archon x2  
  132  15:15  Probe  
  133  15:29  Nexus  
  133  15:41  Stalker x2  
  133  15:42  Pylon, Stalker x5  
  145  15:44  High Templar  
  145  15:45  High Templar  
  145  15:49  Archon  
  151  15:57  Protoss Shields Level 2  
  150  16:22  Stalker x4  
  150  16:23  Stalker x3  
  150  16:25  Nexus  
  156  16:27  Pylon  
  156  16:29  Pylon  
  146  16:34  Observer  
  146  16:39  High Templar  
  145  16:40  High Templar x2  
  145  16:41  High Templar  
  111  16:57  Observer  
  111  16:58  Zealot  
  111  16:59  Zealot x4  
  122  17:03  Archon  
  122  17:05  High Templar  
  124  17:14  Archon  
  122  17:19  Observer  
  122  17:21  Photon Cannon  
  121  17:23  Photon Cannon  
  121  17:27  Photon Cannon  
  121  17:29  Shield Battery  
  121  17:31  Shield Battery  
  121  17:33  High Templar x2  
  125  17:39  Archon  
  125  17:40  Observer  
  126  17:53  High Templar x2  
  126  17:54  Zealot x5  
  126  17:55  Zealot  
  136  18:10  Probe x2  
  136  18:11  Probe  
  134  18:13  Probe  
  134  18:18  Probe x2  
  138  18:23  Assimilator  
  138  18:25  Assimilator, Probe  
  141  18:27  Archon  
  141  18:30  Observer  
  141  18:31  Stalker x5  
  126  18:58  Zealot x2  
  126  18:59  Zealot x4  
  126  19:00  Zealot  
  90  19:06  Stalker  
  90  19:07  Stalker  
  74  19:13  High Templar x2  
Show
View Real Time Build Order
Export as new Build Order

PotentialCam Zerg - Winner!

Build Orders: Hatch First, Lurkers, Roach Hydra 

Get SALT Encoding   

  12  0:02  Drone  
  13  0:13  Overlord  
  13  0:21  Drone  
  14  0:33  Drone x2  
  16  0:49  Hatchery  
  15  0:53  Drone  
  16  0:57  Drone  
  16  1:00  Drone  
  18  1:11  Extractor  
  18  1:15  Spawning Pool  
  16  1:20  Drone  
  16  1:23  Drone  
  18  1:29  Drone  
  19  1:39  Drone  
  20  1:53  Overlord  
  20  2:01  Drone x2  
  21  2:02  Queen x2  
  26  2:11  Zergling x2  
  26  2:15  Metabolic Boost  
  27  2:30  Hatchery  
  27  2:35  Drone x2  
  28  2:37  Drone  
  28  2:41  Drone  
  28  2:43  Drone  
  31  2:45  Drone  
  31  2:50  Overlord  
  32  3:01  Queen  
  32  3:03  Overlord  
  35  3:12  Drone  
  35  3:13  Drone x4  
  39  3:23  Drone x4  
  39  3:24  Drone  
  44  3:29  Overlord  
  44  3:40  Extractor  
  43  3:43  Lair, Extractor  
  43  3:45  Drone x3  
  43  3:46  Drone, Roach Warren  
  43  3:48  Drone  
  46  3:50  Drone  
  47  3:56  Drone x4  
  51  4:08  Drone  
  51  4:09  Drone x2  
  54  4:10  Drone x3  
  57  4:21  Overlord  
  57  4:22  Overlord x2  
  56  4:39  Drone  
  56  4:41  Roach  
  56  4:42  Roach x7  
  56  4:44  Glial Reconstitution  
  73  4:46  Spore Crawler  
  73  4:47  Spore Crawler  
  73  4:48  Overseer  
  73  4:50  Drone x4  
  76  5:00  Drone  
  76  5:12  Pneumatized Carapace  
  76  5:17  Overseer  
  76  5:22  Drone x2  
  76  5:23  Roach x2  
  76  5:24  Overlord x4  
  76  5:25  Overlord  
  82  5:44  Roach x12, Extractor  
  105  6:00  Hydralisk Den, Drone x2  
  105  6:02  Extractor  
  105  6:03  Drone  
  105  6:04  Evolution Chamber, Drone x3, Extractor  
  108  6:09  Overlord x4  
  107  6:23  Ravager x3  
  110  6:25  Drone  
  110  6:26  Drone x2  
  113  6:37  Hatchery  
  113  6:38  Zerg Missile Weapons Level 1  
  104  7:07  Hydralisk x8  
  112  7:25  Hydralisk, Muscular Augments  
  112  7:29  Zergling x22  
  126  7:30  Zergling x2  
  126  7:37  Hydralisk x2  
  130  8:15  Hydralisk x6  
  130  8:16  Hydralisk x8  
  154  8:34  Hydralisk x4, Infestation Pit  
  149  8:37  Grooved Spines, Overlord x5  
  149  8:38  Overlord  
  153  8:58  Roach  
  153  8:59  Roach x11  
  153  9:00  Hatchery  
  176  9:02  Hatchery  
  175  9:19  Lurker Den  
  175  9:20  Hive  
  175  9:24  Drone x6  
  175  9:25  Drone x6  
  186  9:45  Extractor  
  185  9:46  Extractor  
  185  9:48  Drone x3  
  185  9:49  Drone x3  
  156  10:13  Hydralisk  
  156  10:14  Hydralisk x15  
  139  10:30  Zerg Missile Weapons Level 2  
  139  10:44  Roach x5  
  139  10:45  Roach x7  
  101  11:19  Roach x8  
  101  11:20  Roach x5  
  109  11:30  Lurker x4  
  113  11:36  Hydralisk x3  
  113  11:37  Hydralisk x5  
  129  11:41  Extractor x2  
  129  11:43  Drone x3  
  130  11:56  Queen  
  130  11:59  Hatchery  
  131  12:03  Lurker x4, Hydralisk  
  131  12:04  Hydralisk  
  131  12:06  Zergling x14  
  131  12:07  Zergling x10  
  151  12:12  Adaptive Talons  
  151  12:49  Hydralisk x12  
  173  13:02  Hydralisk x4  
  180  13:24  Hydralisk x4  
  109  13:57  Hydralisk  
  109  13:58  Hydralisk x11  
  131  14:08  Hydralisk  
  131  14:13  Hydralisk x7  
  134  14:27  Hydralisk x5  
  144  14:33  Hydralisk x3  
  144  14:35  Overlord x4  
  147  14:46  Hydralisk x5  
  151  15:06  Zerg Missile Weapons Level 3  
  151  15:07  Hydralisk x4  
  151  15:13  Lurker  
  158  15:17  Overseer  
  158  15:25  Extractor  
  158  15:26  Hydralisk x4  
  158  15:27  Extractor  
  164  15:31  Zergling x20  
  164  15:32  Zergling x18  
  183  15:36  Lurker x2  
  185  15:49  Lurker x3  
  188  15:50  Hydralisk  
  188  15:52  Zergling x2  
  188  15:53  Hydralisk  
  191  15:57  Drone x3  
  191  15:58  Drone x3  
  195  16:09  Adrenal Glands  
  194  16:16  Hydralisk x6  
  139  16:48  Hydralisk x16  
  169  17:02  Overseer x4  
  169  17:07  Drone x5  
  174  17:15  Spire  
  173  17:16  Spire  
  173  17:22  Hydralisk x6  
  169  17:26  Zergling x24  
  193  17:30  Lurker x2  
  193  17:32  Overlord  
  193  17:33  Overlord x2  
  162  18:20  Hydralisk x13  
  162  18:21  Hydralisk x5  
  162  18:23  Lurker, Hatchery  
  162  18:25  Overlord x2  
  198  18:27  Hatchery  
  197  18:37  Hatchery  
Tags
 
Add a new tag
Caveats
  • Supply blocks, unpowered buildings, or Contaminate may cause inaccurate times.
  • Supply counts are checked every 10 seconds.